Map: Dusk Towers

Players

IShootTurtle

  • Race: Protoss Protoss
  • League: Gold

Danny - Winner!

  • Race: Zerg Zerg
  • League: Gold

VOD

Have the link to the VOD?

Description

Time

  • Played on: March 20, 2016, 3:06 p.m.
  • Length: 14:57
Show
View Real Time Build Order
Export as new Build Order

IShootTurtle Protoss 

Build Orders: 1 Gate Expand 

Get SALT Encoding   

  12  0:01  Probe (Chrono Boost)  
  13  0:11  Probe (Chrono Boost)  
  14  0:18  Pylon  
  14  0:22  Probe (Chrono Boost)  
  15  0:36  Probe (Chrono Boost)  
  15  0:41  Gateway  
  16  0:47  Probe (Chrono Boost)  
  16  0:49  Assimilator  
  17  0:57  Probe (Chrono Boost)  
  18  1:08  Probe (Chrono Boost)  
  19  1:20  Nexus  
  19  1:24  Probe (Chrono Boost)  
  20  1:35  Cybernetics Core  
  20  1:37  Probe (Chrono Boost)  
  21  1:45  Pylon  
  21  1:48  Probe (Chrono Boost)  
  22  1:58  Probe (Chrono Boost)  
  23  2:09  Probe (Chrono Boost)  
  24  2:20  Mothership Core (Chrono Boost)  
  26  2:32  Warp Gate  
  26  2:38  Probe (Chrono Boost)  
  26  2:40  Probe (Chrono Boost), Assimilator  
  28  2:48  Probe (Chrono Boost)  
  28  2:51  Probe (Chrono Boost)  
  30  2:57  Gateway  
  30  2:58  Gateway  
  30  2:59  Probe (Chrono Boost)  
  30  3:01  Probe (Chrono Boost), Pylon  
  32  3:10  Probe (Chrono Boost)  
  34  3:13  Probe (Chrono Boost)  
  34  3:20  Probe (Chrono Boost)  
  34  3:23  Probe (Chrono Boost)  
  34  3:26  Adept  
  38  3:27  Assimilator  
  38  3:30  Pylon  
  38  3:32  Assimilator  
  38  3:33  Probe (Chrono Boost)  
  38  3:34  Probe (Chrono Boost)  
  40  3:44  Probe (Chrono Boost), Pylon  
  40  3:46  Stargate  
  41  3:48  Twilight Council  
  41  3:49  Probe (Chrono Boost)  
  41  3:54  Probe (Chrono Boost)  
  43  3:56  Adept  
  43  3:57  Adept  
  43  4:01  Adept  
  49  4:04  Probe (Chrono Boost)  
  50  4:11  Probe (Chrono Boost)  
  50  4:15  Probe (Chrono Boost)  
  52  4:25  Nexus  
  52  4:28  Assimilator  
  52  4:32  Pylon  
  52  4:36  Blink  
  52  4:40  Phoenix  
  52  4:43  Probe (Chrono Boost)  
  52  4:44  Probe (Chrono Boost)  
  56  4:56  Stalker  
  56  4:57  Forge  
  58  5:00  Probe x2 (Chrono Boost)  
  60  5:09  Robotics Facility  
  60  5:11  Probe (Chrono Boost)  
  60  5:12  Phoenix  
  63  5:19  Probe (Chrono Boost)  
  64  5:21  Probe (Chrono Boost)  
  65  5:30  Probe (Chrono Boost)  
  65  5:31  Stalker  
  65  5:32  Probe (Chrono Boost), Stalker  
  71  5:36  Protoss Ground Weapons Level 1  
  71  5:37  Pylon  
  71  5:40  Stalker  
  73  6:01  Stalker  
  73  6:02  Stalker  
  77  6:06  Immortal (Chrono Boost)  
  77  6:07  Probe x2 (Chrono Boost), Robotics Facility  
  77  6:08  Probe  
  82  6:14  Phoenix  
  82  6:18  Probe x2  
  84  6:20  Probe  
  87  6:26  Assimilator  
  87  6:28  Probe x2  
  87  6:30  Stalker x2  
  93  6:33  Stalker  
  95  6:41  Immortal (Chrono Boost)  
  95  6:43  Pylon  
  99  6:51  Probe  
  99  6:53  Probe  
  101  6:56  Pylon  
  101  7:00  Probe  
  101  7:01  Pylon  
  101  7:04  Pylon  
  101  7:06  Stalker x3  
  108  7:13  Observer (Chrono Boost)  
  108  7:15  Gateway  
  109  7:28  Immortal (Chrono Boost)  
  113  7:30  Robotics Bay  
  113  7:31  Immortal (Chrono Boost)  
  117  7:43  Probe  
  117  7:44  Probe x2  
  118  7:47  Phoenix (Chrono Boost)  
  122  7:52  Protoss Ground Weapons Level 2  
  122  7:55  Protoss Air Weapons Level 1  
  122  7:58  Probe x2, Immortal  
  128  8:07  Stalker x2  
  132  8:24  Immortal  
  132  8:26  Phoenix (Chrono Boost)  
  106  8:47  Stalker x2  
  106  8:48  Stalker x2  
  114  9:08  Disruptor x2  
  118  9:22  Stalker x4  
  126  9:33  Phoenix (Chrono Boost)  
  128  9:39  Immortal  
  132  10:03  Pylon  
  132  10:04  Assimilator  
  132  10:05  Pylon  
  132  10:06  Assimilator  
  132  10:07  Pylon x2  
  132  10:10  Pylon  
  132  10:11  Observer Gravitic Boosters  
  132  10:12  Protoss Ground Armor Level 1  
  132  10:16  Immortal x2  
  132  10:22  Forge  
  132  10:23  Phoenix (Chrono Boost)  
  132  10:25  Stalker  
  132  10:26  Stalker x3  
  150  10:42  Gateway  
  150  10:47  Pylon  
  150  10:48  Gateway  
  150  10:50  Immortal x2, Nexus  
  150  10:53  Pylon  
  150  10:56  Stalker  
  150  10:57  Stalker x3  
  148  11:04  Pylon  
  109  11:12  Gateway  
  109  11:14  Gateway  
  99  11:20  Stalker x4  
  99  11:25  Immortal  
  103  11:35  Robotics Facility, Disruptor  
  103  11:44  Stalker  
  103  11:45  Stalker x3  
  114  11:49  Phoenix (Chrono Boost)  
  116  11:54  Mothership Core  
  116  11:59  Disruptor  
  118  12:06  Disruptor  
  124  12:23  Stalker x3  
  124  12:24  Stalker x2  
  134  12:30  Immortal  
  134  12:33  Phoenix (Chrono Boost)  
  140  12:37  Immortal  
  140  12:40  Nexus  
  140  12:43  Immortal  
  140  12:44  Assimilator  
  148  12:47  Assimilator  
  148  12:48  Stalker  
  148  12:50  Pylon, Zealot  
  152  13:04  Stalker x3, Disruptor  
  152  13:05  Stalker  
  160  13:11  Immortal, Stalker x2  
  169  13:29  Immortal  
  173  13:35  Immortal  
  89  14:11  Stalker x3  
  89  14:12  Stalker x4  
  89  14:14  Immortal x2  
  89  14:16  Mothership Core  
  107  14:36  Stalker x2  
  107  14:37  Stalker x3  
  107  14:38  Stalker  
Show
View Real Time Build Order
Export as new Build Order

Danny Zerg - Winner!

Build Orders: Hatch First 

Get SALT Encoding   

  12  0:11  Drone x2  
  14  0:17  Extractor  
  14  0:18  Drone  
  15  0:23  Overlord  
  15  0:32  Overlord  
  15  0:43  Drone  
  16  0:55  Drone  
  17  1:01  Hatchery  
  16  1:07  Drone  
  17  1:14  Extractor  
  17  1:16  Drone  
  17  1:24  Spawning Pool  
  16  1:26  Drone  
  17  1:37  Drone  
  18  1:49  Drone  
  19  1:59  Drone  
  20  2:09  Drone  
  20  2:11  Queen  
  20  2:13  Queen  
  20  2:14  Drone  
  26  2:21  Drone  
  27  2:28  Drone, Extractor  
  27  2:33  Drone  
  27  2:36  Drone  
  29  2:42  Drone  
  30  2:47  Drone  
  31  2:54  Drone  
  32  3:04  Zergling x4  
  34  3:08  Metabolic Boost  
  34  3:10  Lair  
  34  3:14  Roach Warren  
  34  3:17  Evolution Chamber x2  
  34  3:18  Drone x3  
  34  3:33  Drone x2  
  36  3:35  Overlord x2  
  36  3:45  Zerg Missile Weapons Level 1  
  36  3:56  Drone x5  
  41  4:10  Zerg Ground Armor Level 1  
  41  4:13  Drone  
  41  4:15  Extractor  
  41  4:16  Extractor  
  40  4:19  Hatchery  
  37  4:31  Roach  
  37  4:32  Roach x4  
  47  4:46  Drone x4  
  47  4:52  Drone  
  52  4:53  Overlord  
  52  4:54  Overlord  
  52  4:58  Glial Reconstitution  
  52  5:09  Hydralisk Den  
  52  5:12  Roach x2  
  55  5:19  Drone x2  
  55  5:20  Drone x2  
  59  5:22  Drone  
  60  5:32  Queen  
  60  5:33  Drone  
  60  5:34  Drone  
  64  5:37  Drone  
  64  5:38  Drone  
  64  5:41  Drone  
  68  5:42  Drone  
  68  5:45  Drone  
  69  5:50  Zerg Missile Weapons Level 2  
  69  6:00  Roach  
  69  6:01  Roach  
  73  6:12  Overlord x3  
  73  6:14  Drone  
  74  6:19  Zerg Ground Armor Level 2  
  74  6:22  Overlord x2  
  74  6:30  Roach  
  74  6:31  Roach x4  
  84  6:33  Zergling x2  
  84  6:34  Zergling x2  
  86  6:42  Drone x2  
  88  6:49  Hydralisk  
  90  6:55  Muscular Augments  
  90  7:02  Hatchery  
  90  7:05  Infestation Pit  
  90  7:06  Roach x4, Hydralisk  
  94  7:19  Hydralisk x3  
  94  7:20  Hydralisk  
  96  7:25  Hydralisk x2  
  100  7:32  Drone  
  100  7:33  Drone x3  
  104  7:39  Ravager x5  
  104  7:41  Roach x2  
  104  7:42  Zergling x2  
  114  7:45  Overlord x2  
  114  7:50  Extractor  
  114  7:51  Extractor  
  112  7:54  Drone x2  
  112  7:56  Overlord x2  
  114  8:07  Hydralisk x4  
  122  8:14  Overlord x2  
  122  8:15  Hydralisk  
  122  8:16  Roach  
  122  8:17  Zergling x2  
  97  8:35  Roach x4, Hydralisk x3, Zergling x2  
  97  8:36  Zergling x4  
  105  8:41  Roach x2  
  105  8:42  Zergling x2  
  105  8:46  Queen  
  108  9:04  Roach x2, Hydralisk x2  
  108  9:05  Roach x2, Hydralisk x2, Zergling x2  
  125  9:10  Drone x2  
  125  9:11  Drone  
  128  9:17  Overlord  
  128  9:26  Drone x2  
  128  9:27  Drone x3  
  128  9:29  Hydralisk  
  128  9:30  Roach x3, Zergling x2  
  142  9:42  Roach x2, Hydralisk  
  142  9:43  Roach x2, Zergling x4  
  149  9:49  Ravager x2  
  151  9:53  Overlord x2  
  151  9:57  Overlord  
  151  10:14  Drone x3  
  151  10:17  Roach x3, Hydralisk x5  
  151  10:18  Zergling x4  
  151  10:19  Zergling x2  
  151  10:20  Zergling x2  
  174  10:25  Hive  
  174  10:29  Lurker Den  
  174  10:41  Overlord  
  174  10:42  Overlord x3  
  148  11:01  Roach x4, Hydralisk x5  
  148  11:03  Roach x3, Zergling x2  
  148  11:04  Zergling x2  
  147  11:12  Roach x2, Hydralisk  
  147  11:13  Roach x2  
  147  11:14  Zergling x2  
  140  11:25  Roach x4, Hydralisk x2  
  137  11:51  Hydralisk x3  
  137  11:52  Hydralisk x3  
  149  11:55  Roach, Hydralisk  
  149  11:56  Roach x3  
  159  12:03  Extractor  
  159  12:05  Extractor  
  157  12:09  Roach x2, Hydralisk x2  
  157  12:11  Ravager x3  
  157  12:12  Ravager x2  
  157  12:13  Ravager x2  
  172  12:18  Hatchery  
  171  12:56  Lurker x2  
  171  12:57  Lurker  
  174  13:03  Drone x7  
  174  13:04  Drone  
  182  13:11  Roach x3, Hydralisk x3  
  182  13:12  Zergling x8  
  200  13:13  Roach  
  168  13:58  Roach x4, Hydralisk x6  
  168  13:59  Hydralisk x7, Zergling x10  
  168  14:00  Hydralisk x2, Zergling x12  
  185  14:07  Hydralisk  
  185  14:08  Roach x3, Hydralisk x3  
  175  14:20  Roach x5, Hydralisk  
  175  14:22  Roach  
  175  14:23  Zergling x2  
  185  14:31  Drone  
  185  14:32  Drone x4  
  185  14:36  Roach x2  
  185  14:37  Zergling x4  
Tags
 
Add a new tag
Caveats
  • Supply blocks, unpowered buildings, or Contaminate may cause inaccurate times.
  • Supply counts are checked every 10 seconds.